 Dungeon Sprint DCSS version 0.29-a0-337-g68df138881 (webtiles) character file.

Game seed: 284181544045312275

5 mhtbhm the Slasher (level 1, -4/28 HPs)
             Began as a Human Berserker on Apr 16, 2022.
             Was a Believer of Trog.
             Slain by an ice beast (12 damage)
             ... in the Dungeon (Sprint IX: "|||||||||||||||||||||||||||||").
             The game lasted 00:00:13 (109 turns).

mhtbhm the Slasher (Human Berserker)                 Turns: 109, Time: 00:00:13

Health: -4/28      AC:  2    Str: 17    XL:     1   Next: 88%
Magic:  1/1        EV: 12    Int:  7    God:    Trog [**....]
Gold:   0          SH:  0    Dex: 12    Spells: 0/0 levels left

rFire   . . .      SeeInvis .   a - +0 falchion
rCold   . . .      Faith    .   (no shield)
rNeg    . . .      Spirit   .   b - +0 animal skin
rPois   .          Reflect  .   (no helmet)
rElec   .          Harm     .   (no cloak)
rCorr   .          Rampage  .   (no gloves)
Will    .....      NoTele   +   (no boots)
Stlth   ..........              (no amulet)
HPRegen 0.09/turn               (no ring)
MPRegen 0.07/turn               (no ring)

@: berserking (expiring), very quick
A: no striking features
a: Renounce Religion, Berserk, Trog's Hand


You were in the Dungeon.
You worshipped Trog.
Trog was pleased with you.
You visited 1 branch

Inventory:

Hand Weapons
 a - a +0 falchion (weapon)
Armour
 b - a +0 animal skin (worn)
Scrolls
 h - a scroll of blinking
Potions
 c - a potion of curing
 e - a potion of haste
 f - 2 potions of magic
 g - a potion of berserk rage


   Skills:
 + Level 3.7 Fighting
 + Level 3.7 Long Blades
 + Level 2.2 Armour
 + Level 2.3 Dodging


You couldn't memorise any spells.
You didn't know any spells.
Your spell library was empty.

Dungeon Overview and Level Annotations

Branches:
Dungeon (1/1)

Altars:


Message History

The kobold barely misses you.
You slash the kobold!
You kill the kobold!
Trog accepts your kill.
There is an open door to the Dungeon, spattered with blood here.
Items here: ( )))) ††††.
There is an open door to the Dungeon, spattered with blood here.
Items here: ( )))) ††††.
You start resting.
HP restored.
You open the door.
An ice beast, a howler monkey, an orc and 2 iguanas come into view.
The howler monkey howls!
The orc shouts!
The iguana hisses angrily. x2
Unknown command.
A red film seems to cover your vision as you go berserk!
You feel yourself moving faster!
You feel mighty! The ice beast hits you. The ice beast freezes you!
Ouch! That really hurt!
You are too injured to fight recklessly!
You are too injured to fight recklessly!
You are too injured to fight recklessly!
You are too injured to fight recklessly!
You are too injured to fight recklessly!
You are too injured to fight recklessly!
You are too injured to fight recklessly!
You are too injured to fight recklessly!
You are too injured to fight recklessly!
You are too injured to fight recklessly!
You slash the ice beast!
The ice beast is heavily wounded.
The ice beast misses you.
The iguana hisses menacingly.
You hit the ice beast.
The ice beast is heavily wounded.
You hit the ice beast.
The ice beast is severely wounded.
The ice beast hits you.
* * * LOW HITPOINT WARNING * * *
The ice beast freezes you!
You die... ▓▓▓▓▓▓▓▓▓▓▓▓▓▓▓▓▓▓ ▓<...)....@Yholl.+ ▓▓▓▓▓▓▓▓▓▓▓▓▓▓▓▓▓▓

You could see an ice beast, a howler monkey, 2 iguanas and an orc.

Vanquished Creatures
  A jackal (D)
  2 kobolds (D)
  2 goblins (D)
5 creatures vanquished.

Notes
Turn   | Place    | Note
-------+----------+-------------------------------------------
     0 | D        | mhtbhm the Human Berserker began the quest for the Orb.
     0 | D        | Reached XP level 1. HP: 18/18 MP: 1/1
    23 | D        | Reached ** piety under Trog
   105 | D        | Noticed an ice beast
   105 | D        | Noticed a howler monkey
   105 | D        | Noticed an iguana
   105 | D        | Noticed an iguana
   109 | D        | Slain by an ice beast

Illustrated notes

Levels and vault maps discovered:
D:        linesprint [early_d, line_temple, items_1, d_10, items_2, lair_1,
          lair_end, items_3, orc_1, orc_end, items_4, d_15, swamp_1, shoals_1,
          snake_1, spider_1, d_20, vaults_1, items_5, swamp_end, shoals_end,
          snake_end, spider_end, vaults_end, d_27, items_6, zot_1, zot_end,
          crypt_end, forest_end, elf_end, slime_end, tomb_end, abyss_end,
          pan_hell_end]

Action                   || total
-------------------------++-------
Melee: Falchion          ||    34
       Punch             ||     1
Invok: Berserk           ||     1
  Use: Potion            ||     1
Armor: Animal skin       ||     5
Dodge: Dodged            ||    22

Table legend: (Time is in decaauts)
 A = Elapsed time spent in this place.
 B = Non-inter-level travel time spent in this place.
 C = Inter-level travel time spent in this place.
 D = Time resting spent in this place.
 E = Time spent auto-exploring this place.
 F = Levels seen in this place.
 G = Mean time per level.
                   A        B        C        D        E       F      G
               +--------+--------+--------+--------+--------+-----+--------+
         Total |    112 |    112 |      0 |     61 |      3 |   1 |  112.0 |
       Dungeon |    112 |    112 |      0 |     61 |      3 |   1 |  112.0 |
               +--------+--------+--------+--------+--------+-----+--------+

Top non-repeatable levels by time:
       D: 112 daAuts
